Unix NetHack Version 5.0.0-0 post-release - last build Jun 10 2026 00:39:30 (3ee93aec679c4c4259841fe613dc97188e26a321,branch:main).

Game began 2026-06-14 04:29:15, ended 2026-06-14 05:16:49.

80percenthuman, chaotic female human Wizard

                                                  --------------
                                                  |.sB..........
                                                 #....@..G.....|
                                                  -------.------

80percenthuman the Conjurer  St:10 Dx:18 Co:17 In:17 Wi:9 Ch:10  Chaotic
Dlvl:6  $:192 HP:0(47) Pw:9(42) AC:9  Xp:5 T:2188 

Latest messages:
 You try to feel what is lying here on the floor.
 You feel here 2 scrolls.
 K - 2 scrolls.
 You attack thin air.
 It bites!
 In what direction?
 The spell hits it!
 You kill it!
 Welcome to experience level 5.
 The spell misses it.
 In what direction?
 The spell hits it!
 You kill it!
 You try to feel what is lying here on the floor.
 It bites!
 You try to feel what is lying here on the floor.
 It bites!
 Something was hidden under something!
 It bites!
 In what direction?
 It bites!
 It bites!
 It bites!
 What do you want to zap? [co or ?*]
 In what direction?
 It bites!
 It bites!
 What do you want to drink? [fgABH or ?*]
 You feel better.
 You can see again.
 The cave spider bites!
 Pick a monster, object or location.
 The cave spider bites!
 The giant bat bites!
 You attack thin air.
 The giant bat bites!
 The cave spider bites!
 The giant bat bites!
 The cave spider bites!
 The giant bat bites!
 The gnome throws a dart!
 You are hit by a dart.
 Wizard is about to die.
 The giant bat bites!
 You die...
 Do you want your possessions identified? [ynq] (y)
 Do you want to see your attributes? [ynq] (y)
 Do you want an account of creatures vanquished? [ynaq] (y)
 Do you want to see your conduct and achievements? [ynq] (y)
 Do you want to see the dungeon overview? [ynq] (y)

Inventory:
 Coins    ('$')
  $ - 192 gold pieces
 Amulets  ('"')
  s - an uncursed amulet of unchanging named concave amulet (being worn)
 Weapons  (')')
  t - a +0 dagger
  u - a cursed +0 elven dagger
  a - a blessed +1 quarterstaff (weapon in hands)
 Armor    ('[')
  b - an uncursed +0 cloak of magic resistance (being worn)
 Comestibles  ('%')
  q - an uncursed food ration
  I - an uncursed tripe ration
 Scrolls  ('?')
  K - 2 uncursed scrolls of blank paper
  j - an uncursed scroll of create monster
  i - an uncursed scroll of destroy armor
  D - an uncursed scroll of enchant armor
  x - an uncursed scroll of gold detection
  C - a blessed scroll of remove curse
  h - an uncursed scroll of scare monster
  J - an uncursed scroll of taming
 Spellbooks  ('+')
  w - an uncursed spellbook of detect food
  k - a blessed spellbook of force bolt
  E - an uncursed spellbook of jumping
  l - an uncursed spellbook of magic missile
 Potions  ('!')
  g - an uncursed potion of extra healing
  B - a blessed potion of gain energy
  f - an uncursed potion of healing
  H - an uncursed potion of sickness
  A - an uncursed potion of water
 Rings    ('=')
  e - an uncursed ring of polymorph
  d - an uncursed ring of sustain ability
 Wands    ('/')
  o - a wand of digging (0:6)
  c - a wand of teleportation (0:7)
 Tools    ('(')
  r - an uncursed credit card
  m - a magic marker (0:22)

80percenthuman the Wizard's attributes:

Background:
 You were a Conjurer, a level 5 female human Wizard.
 You were chaotic, nominally on a mission for Anhur
 who was opposed by Ptah (lawful) and Thoth (neutral).
 You were right-handed.
 You were in the Dungeons of Doom, on level 6.
 You entered the dungeon 2188 turns ago.
 It was nighttime.
 There was a new moon in effect when your adventure ended.
 You had 166 experience points, 154 more were needed to attain level 6.

Basics:
 You had 0 out of 47 hit points.
 You had 9 out of 42 energy points (spell power).
 Your armor class was 9.
 Your wallet contained 192 zorkmids.
 Autopickup was off.

Final Characteristics:
 Your strength was 10 (limit:18/100).
 Your dexterity was 18 (limit:18).
 Your constitution was 17 (limit:18).
 Your intelligence was 17 (limit:18).
 Your wisdom was 9 (limit:18).
 Your charisma was 10 (limit:18).

Final Status:
 You weren't hungry.
 You were unencumbered.
 You were wielding a quarterstaff.
 You had basic skill with quarterstaff.

Final Attributes:
 You were devoutly aligned.
 You were magic-protected.
 You were warded.
 You couldn't change from your current form.
 You are dead.

Miscellaneous:
 You didn't encounter any bones levels.
 Total elapsed playing time was 47 minutes and 31 seconds.

Major events:
 Turn
    1: 80percenthuman the chaotic female human Wizard entered the dungeon
 1136: attained the rank of Conjurer (level 3)
 2188: killed by a giant bat

Spells:
 Name                 Level Category     Fail Retention
 force bolt             1   attack         0%   81%-90%
 magic missile          2   attack         0%   81%-90%
 detect food            2   divination    52%  76%-100%

Skills:
 Fighting Skills
   bare handed combat [Unskilled]
   riding             [Unskilled]
 Weapon Skills
   dagger             [Unskilled]
   knife              [Unskilled]
   axe                [Unskilled]
   short sword        [Unskilled]
   club               [Unskilled]
   mace               [Unskilled]
   quarterstaff       [Basic]
   polearms           [Unskilled]
   spear              [Unskilled]
   trident            [Unskilled]
   sling              [Unskilled]
   dart               [Unskilled]
   shuriken           [Unskilled]
 Spellcasting Skills
   attack spells      [Basic]
   healing spells     [Unskilled]
   divination spells  [Unskilled]
   enchantment spells [Basic]
   clerical spells    [Unskilled]
   escape spells      [Unskilled]
   matter spells      [Unskilled]

Voluntary challenges:
 Character rerolling was not enabled.
 You were an atheist.
 You never genocided any monsters.
 You never polymorphed an object.
 You never changed form.
 You used no wishes.
Achievements:
 You entered a shop.
 You attained the rank of Conjurer.

 The Dungeons of Doom: levels 1 to 6
    Level 1:
       Some fountains.
    Level 2:
       A general store.
    Level 3:
       An altar, a fountain.
    Level 4:
    Level 5:
       Some shops, some fountains, some graves.
    Level 6: <- You were here.
       Final resting place for
          you, killed by a giant bat.


Vanquished creatures:
  a leprechaun
  a dingo
 an imp
  a yellow light
  a black naga hatchling
  a paper golem
  2 rothes
  2 giant bats
  a wererat
  2 iguanas
  2 acid blobs
  a coyote
  a hobbit
  a cave spider
  2 yellow molds
  a gnome zombie
  3 geckos
  6 jackals
  2 kobolds
  a goblin
  2 sewer rats
  3 grid bugs
  a lichen
  7 newts
46 creatures vanquished.

No species were genocided or became extinct.

Game over:
                       ----------
                      /          \
                     /    REST    \
                    /      IN      \
                   /     PEACE      \
                  /                  \
                  |  80percenthuman  |
                  |      192 Au      |
                  |   killed by a    |
                  |    giant bat     |
                  |                  |
                  |                  |
                  |       2026       |
                 *|     *  *  *      | *
        _________)/\\_//(\/(/\)/\//\/|_)_______

Goodbye 80percenthuman the Wizard...

You died in The Dungeons of Doom on dungeon level 6 with 1097 points,
and 192 pieces of gold, after 2188 moves.
You were level 5 with a maximum of 47 hit points when you died.

